NCAA
MISSOURI TIGERS @ WAKE FOREST DEMON DEACONS
05/17/2028
 
TOP OF THE 1ST
Missouri Tigers batting - Pitching for Wake Forest Demon Deacons : RHP Lloyd Jones
Pitching: RHP Lloyd Jones
Batting: RHB Raymond Kerr 0-0: Ball
1-0: SINGLE (Groundball, 56D)
Batting: SHB Jim Flynn 0-0: Ball
1-0: Called Strike
1-1: Fly out, F8 (Line Drive, 78M)
Batting: RHB Wesley Fuller 0-0: Called Strike
0-1: Ball
1-1: Ball
2-1: Swinging Strike
2-2: Ground out 4-3 (Groundball, 4S)
Raymond Kerr to second
Batting: LHB Joe Hanson 0-0: Called Strike
0-1: SINGLE (Groundball, 13) (infield hit)
Raymond Kerr to third
Batting: RHB Ron Gilbert 0-0: Called Strike
0-1: SINGLE (Groundball, 6MD)
Raymond Kerr scores
Joe Hanson to second
Runner from 2nd tries for 3rd, SAFE, throw made to third
Batting: LHB Joe Lowery 0-0: Ball
1-0: Ball
2-0: Foul Ball, location: 2F
2-1: Fielders Choice at 2nd, 5-4 (Groundball, 5)
Top of the 1st over - 1 run(s), 3 hit(s), 0 error(s), 1 left on base; Missouri 1 - Wake Forest 0
BOTTOM OF THE 1ST
Wake Forest Demon Deacons batting - Pitching for Missouri Tigers : RHP Mitch Wall
Pitching: RHP Mitch Wall
Batting: RHB Terry Griffin 0-0: Ball
1-0: Ball
2-0: Ball
3-0: Called Strike
3-1: Base on Balls
Batting: SHB José Salazar 0-0: Fly out, F7 (Flyball, 78S)
Batting: LHB Dax Valdéz 0-0: Ball
Terry Griffin steals 2nd base
1-0: Ground out U3 (Groundball, 3L)
Terry Griffin to third
Batting: RHB Jack Hogan 0-0: Called Strike
0-1: Ball
1-1: Fly out, F9 (Flyball, 9LMF)
Bottom of the 1st over - 0 run(s), 0 hit(s), 0 error(s), 1 left on base; Missouri 1 - Wake Forest 0
TOP OF THE 2ND
Missouri Tigers batting - Pitching for Wake Forest Demon Deacons : RHP Lloyd Jones
Batting: RHB Harvey Willis 0-0: Foul Ball, location: 2F
0-1: Ground out 6-3 (Groundball, 6)
Batting: RHB Jack Robinson 0-0: Called Strike
0-1: Swinging Strike
0-2: Foul Ball, location: 2F
0-2: Ball
1-2: Ball
2-2: Ball
3-2: Base on Balls
Batting: SHB David Castaneda 0-0: Called Strike
0-1: Ball
1-1: Fly out, F9 (Line Drive, 9)
Batting: RHB Raymond Kerr 0-0: Swinging Strike
0-1: Foul Ball, location: 2F
0-2: Ball
1-2: Strikes out swinging
Top of the 2nd over - 0 run(s), 0 hit(s), 0 error(s), 1 left on base; Missouri 1 - Wake Forest 0
BOTTOM OF THE 2ND
Wake Forest Demon Deacons batting - Pitching for Missouri Tigers : RHP Mitch Wall
Batting: RHB William Allen 0-0: Ball
1-0: Fly out, F6 (Line Drive, 56D)
Batting: LHB Gregory Pérez 0-0: Ball
1-0: Ball
2-0: Ball
3-0: Base on Balls
Batting: RHB Tim Guerrero 0-0: Called Strike
Gregory Pérez steals 2nd base
0-1: Ground out 5-3 (Groundball, 56S)
Gregory Pérez to third
Batting: RHB Felipe Costa 0-0: Called Strike
0-1: Foul Ball, location: 2F
0-2: Ball
1-2: Foul Ball, location: 2F
1-2: Foul Ball, location: 2F
1-2: Ball
2-2: Ball
3-2: Strikes out looking
Bottom of the 2nd over - 0 run(s), 0 hit(s), 0 error(s), 1 left on base; Missouri 1 - Wake Forest 0
TOP OF THE 3RD
Missouri Tigers batting - Pitching for Wake Forest Demon Deacons : RHP Lloyd Jones
Batting: SHB Jim Flynn 0-0: Called Strike
0-1: Swinging Strike
0-2: Strikes out looking
Batting: RHB Wesley Fuller 0-0: Called Strike
0-1: Ball
1-1: Ball
2-1: Ground out 4-3 (Groundball, 4)
Batting: LHB Joe Hanson 0-0: Ball
1-0: Ground out U3 (Groundball, 3)
Top of the 3rd over - 0 run(s), 0 hit(s), 0 error(s), 0 left on base; Missouri 1 - Wake Forest 0
BOTTOM OF THE 3RD
Wake Forest Demon Deacons batting - Pitching for Missouri Tigers : RHP Mitch Wall
Batting: RHB Tyler Robinson 0-0: Called Strike
0-1: Called Strike
0-2: Ball
1-2: Ball
2-2: Foul Ball, location: 2F
2-2: Foul Ball, location: 2F
2-2: Ball
3-2: Foul Ball, location: 2F
3-2: Strikes out swinging
Batting: RHB Terry Griffin 0-0: Ball
1-0: Swinging Strike
1-1: Swinging Strike
1-2: Strikes out swinging
Batting: SHB José Salazar 0-0: Foul Ball, location: 2F
0-1: Called Strike
0-2: Ball
1-2: Ball
2-2: Foul Ball, location: 2F
2-2: Foul Ball, location: 2F
2-2: Foul Ball, location: 2F
2-2: Fly out, F9 (Flyball, 89D)
Bottom of the 3rd over - 0 run(s), 0 hit(s), 0 error(s), 0 left on base; Missouri 1 - Wake Forest 0
TOP OF THE 4TH
Missouri Tigers batting - Pitching for Wake Forest Demon Deacons : RHP Lloyd Jones
Batting: RHB Ron Gilbert 0-0: Called Strike
0-1: Ball
1-1: Ball
2-1: Called Strike
2-2: Strikes out looking
Batting: LHB Joe Lowery 0-0: Ball
1-0: Ball
2-0: Ball
3-0: Called Strike
3-1: Foul Ball, location: 2F
3-2: SINGLE (Groundball, 4MD)
Batting: RHB Harvey Willis 0-0: Called Strike
0-1: Ball
1-1: Ball
2-1: Ball
3-1: Foul Ball, location: 2F
3-2: Strikes out looking
Batting: RHB Jack Robinson 0-0: Swinging Strike
0-1: Ball
1-1: Foul Ball, location: 2F
1-2: Ball
2-2: Ball
3-2: Base on Balls
Joe Lowery to second
Batting: SHB David Castaneda 0-0: Ball
1-0: Ball
Passed Ball!
Joe Lowery to third
Jack Robinson to second
2-0: Foul Ball, location: 2F
2-1: Ball
3-1: Base on Balls
Batting: RHB Raymond Kerr 0-0: Ball
1-0: SINGLE (Groundball, 34S) (infield hit)
Joe Lowery scores
Jack Robinson to third
David Castaneda to second
Batting: SHB Jim Flynn 0-0: Ball
1-0: Ball
2-0: Foul Ball, location: 2F
2-1: Foul Ball, location: 2F
2-2: Ball
3-2: Base on Balls
Jack Robinson scores
David Castaneda to third
Raymond Kerr to second
Batting: RHB Wesley Fuller 0-0: Ball
1-0: Ball
2-0: Ball
3-0: Base on Balls
David Castaneda scores
Raymond Kerr to third
Jim Flynn to second
Pitching: RHP Chris Knapp
Batting: LHB Joe Hanson 0-0: Swinging Strike
0-1: Foul Ball, location: 2F
0-2: Fielders Choice at 2nd, 4-6 (Groundball, 4)
Top of the 4th over - 3 run(s), 2 hit(s), 0 error(s), 2 left on base; Missouri 4 - Wake Forest 0
BOTTOM OF THE 4TH
Wake Forest Demon Deacons batting - Pitching for Missouri Tigers : RHP Mitch Wall
Batting: LHB Dax Valdéz 0-0: Called Strike
0-1: Foul Ball, location: 2F
0-2: Ball
1-2: Ground out 4-3 (Groundball, 4)
Batting: RHB Jack Hogan 0-0: Called Strike
0-1: Foul Ball, location: 2F
0-2: Ball
1-2: Ball
2-2: Foul Ball, location: 2F
2-2: Strikes out swinging
Batting: RHB William Allen 0-0: Called Strike
0-1: Ball
1-1: Ball
2-1: Swinging Strike
2-2: Fly out, F3 (Popup, 3D)
Bottom of the 4th over - 0 run(s), 0 hit(s), 0 error(s), 0 left on base; Missouri 4 - Wake Forest 0
TOP OF THE 5TH
Missouri Tigers batting - Pitching for Wake Forest Demon Deacons : RHP Chris Knapp
Batting: RHB Ron Gilbert 0-0: Ball
1-0: Ground out 6-3 (Groundball, 6)
Batting: LHB Joe Lowery 0-0: SINGLE (Flyball, 78S)
Batting: RHB Harvey Willis 0-0: Ball
1-0: Ball
2-0: Ball
3-0: Base on Balls
Joe Lowery to second
Batting: RHB Jack Robinson 0-0: Called Strike
0-1: SINGLE (Line Drive, 6D)
Joe Lowery to third
Harvey Willis to second
Batting: SHB David Castaneda 0-0: Ball
1-0: DOUBLE (Flyball, 8LXD)
Joe Lowery scores
Harvey Willis scores
Jack Robinson to third
Runner from 3rd tries for Home, SAFE, no throw
Pitching: RHP Wade Sweeny
Batting: RHB Raymond Kerr 0-0: Called Strike
David Castaneda steals 3rd base
0-1: Ball
1-1: Ball
2-1: SINGLE (Popup, 6MD)
David Castaneda scores
Batting: SHB Jim Flynn 0-0: Grounds into double play, 3-6-1 (Groundball, 3)
Top of the 5th over - 4 run(s), 4 hit(s), 0 error(s), 0 left on base; Missouri 8 - Wake Forest 0
BOTTOM OF THE 5TH
Wake Forest Demon Deacons batting - Pitching for Missouri Tigers : RHP Mitch Wall
Batting: LHB Gregory Pérez 0-0: Called Strike
0-1: Foul Ball, location: 2F
0-2: SINGLE (Groundball, 4D)
Batting: RHB Tim Guerrero 0-0: Ball
Gregory Pérez steals 2nd base
1-0: Called Strike
1-1: Ball
2-1: Ground out 6-3 (Groundball, 6)
Batting: RHB Felipe Costa 0-0: Ball
1-0: Called Strike
1-1: Ball
2-1: Ball
3-1: Fly out, F9 (Line Drive, 9)
Batting: RHB Tyler Robinson 0-0: Ball
1-0: Foul Ball, location: 2F
1-1: Foul Ball, location: 2F
1-2: Strikes out swinging
Bottom of the 5th over - 0 run(s), 1 hit(s), 0 error(s), 1 left on base; Missouri 8 - Wake Forest 0
TOP OF THE 6TH
Missouri Tigers batting - Pitching for Wake Forest Demon Deacons : RHP Wade Sweeny
Batting: RHB Wesley Fuller 0-0: Swinging Strike
0-1: Swinging Strike
0-2: Ball
1-2: Strikes out swinging
Batting: LHB Joe Hanson 0-0: Ball
1-0: Fly out, F9 (Flyball, 9LMF)
Batting: RHB Ron Gilbert 0-0: SINGLE (Flyball, 7LM)
Batting: LHB Joe Lowery 0-0: Called Strike
0-1: Ball
1-1: Swinging Strike
1-2: Strikes out swinging
Top of the 6th over - 0 run(s), 1 hit(s), 0 error(s), 1 left on base; Missouri 8 - Wake Forest 0
BOTTOM OF THE 6TH
Wake Forest Demon Deacons batting - Pitching for Missouri Tigers : RHP Mitch Wall
Batting: RHB Terry Griffin 0-0: Ball
1-0: DOUBLE (Flyball, 8RD)
Pitching: RHP Júlio Cruz
Batting: SHB José Salazar 0-0: Foul Ball, location: 2F
0-1: Ball
1-1: Foul Ball, location: 2F
1-2: Strikes out swinging
Batting: LHB Dax Valdéz 0-0: Ball
1-0: Foul Ball, location: 2F
1-1: Swinging Strike
1-2: Ball
2-2: Ball
3-2: Strikes out swinging
Batting: RHB Jack Hogan 0-0: Ball
1-0: Called Strike
1-1: Foul Ball, location: 2F
1-2: Ground out 1-3 (Groundball, P)
Bottom of the 6th over - 0 run(s), 1 hit(s), 0 error(s), 1 left on base; Missouri 8 - Wake Forest 0
TOP OF THE 7TH
Missouri Tigers batting - Pitching for Wake Forest Demon Deacons : RHP Wade Sweeny
Batting: RHB Harvey Willis 0-0: Fly out, F9 (Flyball, 9S)
Batting: RHB Jack Robinson 0-0: Ground out 1-3 (Groundball, 13)
Batting: SHB David Castaneda 0-0: Called Strike
0-1: Ball
1-1: Foul Ball, location: 2F
1-2: Strikes out swinging
Top of the 7th over - 0 run(s), 0 hit(s), 0 error(s), 0 left on base; Missouri 8 - Wake Forest 0
BOTTOM OF THE 7TH
Wake Forest Demon Deacons batting - Pitching for Missouri Tigers : RHP Júlio Cruz
Batting: RHB William Allen 0-0: Ball
1-0: Ball
2-0: Called Strike
2-1: Swinging Strike
2-2: Strikes out looking
Batting: LHB Gregory Pérez 0-0: Ball
1-0: Ground out 5-3 (Groundball, 56)
Batting: RHB Tim Guerrero 0-0: Ball
1-0: Ball
2-0: Ball
3-0: Called Strike
3-1: Called Strike
3-2: Foul Ball, location: 2F
3-2: Base on Balls
Batting: RHB Felipe Costa 0-0: Ball
1-0: Foul Ball, location: 2F
1-1: Ball
2-1: Called Strike
2-2: Strikes out looking
Bottom of the 7th over - 0 run(s), 0 hit(s), 0 error(s), 1 left on base; Missouri 8 - Wake Forest 0
TOP OF THE 8TH
Missouri Tigers batting - Pitching for Wake Forest Demon Deacons : RHP Wade Sweeny
Batting: RHB Raymond Kerr 0-0: Foul Ball, location: 2F
0-1: Called Strike
0-2: Strikes out looking
Batting: SHB Jim Flynn 0-0: Fly out, F7 (Line Drive, 7LS)
Batting: RHB Wesley Fuller 0-0: SINGLE (Groundball, 25) (infield hit)
Batting: LHB Joe Hanson 0-0: Called Strike
0-1: Ground out 1-3 (Groundball, 13S)
Top of the 8th over - 0 run(s), 1 hit(s), 0 error(s), 1 left on base; Missouri 8 - Wake Forest 0
BOTTOM OF THE 8TH
Wake Forest Demon Deacons batting - Pitching for Missouri Tigers : RHP Júlio Cruz
Batting: RHB Tyler Robinson 0-0: Called Strike
0-1: Ball
1-1: Ball
2-1: Foul Ball, location: 2F
2-2: SINGLE (Groundball, 25) (infield hit)
Batting: RHB Terry Griffin 0-0: Ball
1-0: Ball
2-0: Ball
3-0: Called Strike
3-1: Base on Balls
Tyler Robinson to second
Batting: SHB José Salazar 0-0: Ball
1-0: Called Strike
1-1: Swinging Strike
1-2: Ball
2-2: Strikes out swinging
Batting: LHB Dax Valdéz 0-0: Called Strike
0-1: Foul Ball, location: 2F
0-2: Ball
1-2: Strikes out swinging
Batting: RHB Jack Hogan 0-0: Called Strike
0-1: Ball
1-1: Foul Ball, location: 2F
1-2: Strikes out swinging
Bottom of the 8th over - 0 run(s), 1 hit(s), 0 error(s), 2 left on base; Missouri 8 - Wake Forest 0
TOP OF THE 9TH
Missouri Tigers batting - Pitching for Wake Forest Demon Deacons : RHP Wade Sweeny
Batting: RHB Ron Gilbert 0-0: Foul Ball, location: 2F
0-1: Foul Ball, location: 2F
0-2: SINGLE (Groundball, 15) (infield hit)
Batting: LHB Joe Lowery 0-0: Swinging Strike
0-1: Grounds into double play, 6-4-3 (Groundball, 6)
Batting: RHB Harvey Willis 0-0: SINGLE (Line Drive, 34)
Batting: RHB Jack Robinson 0-0: Ball
1-0: Called Strike
1-1: Ground out 3-1 (Groundball, 34)
Top of the 9th over - 0 run(s), 2 hit(s), 0 error(s), 1 left on base; Missouri 8 - Wake Forest 0
BOTTOM OF THE 9TH
Wake Forest Demon Deacons batting - Pitching for Missouri Tigers : RHP Júlio Cruz
Pitching: RHP Shane Burt
Batting: RHB William Allen 0-0: Called Strike
0-1: Called Strike
0-2: Ground out 4-3 (Groundball, 4S)
Batting: LHB Gregory Pérez 0-0: Foul Ball, location: 2F
0-1: Ball
1-1: Ball
2-1: Called Strike
2-2: Strikes out swinging
Batting: RHB Tim Guerrero 0-0: Ball
1-0: Swinging Strike
1-1: Swinging Strike
1-2: Ball
2-2: Strikes out swinging
Bottom of the 9th over - 0 run(s), 0 hit(s), 0 error(s), 0 left on base; Missouri 8 - Wake Forest 0
Tuesday, August 8th, 2017 - OOTP Baseball 17.12 Build 75